 Dungeon Crawl Stone Soup version 0.25.1-2-g60ff931df9 (webtiles) character file.

Game seed: 17070583360570543779

62 Johnny the Chiller (level 3, 0/26 HPs)
             Began as a Demigod Ice Elementalist on Sept 3, 2020.
             Slain by an adder (4 damage)
             ... on level 2 of the Dungeon.
             The game lasted 00:01:17 (2221 turns).

Johnny the Chiller (Demigod Ice Elementalist)       Turns: 2221, Time: 00:01:18

Health: 0/26       AC:  3    Str: 11    XL:     3   Next: 60%
Magic:  0/9        EV: 12    Int: 21    God:
Gold:   57         SH:  0    Dex: 16    Spells: 5/6 levels left

rFire    . . .     SeeInvis .   (no weapon)
rCold    . . .     Gourm    .   (no shield)
rNeg     . . .     Faith    .   a - +0 robe
rPois    .         Spirit   .   l - +0 helmet
rElec    .         Reflect  .   (no cloak)
rCorr    .         Harm     .   (no gloves)
MR       .....                  (no boots)
Stlth    ++........             (no amulet)
HPRegen  0.08/turn              (no ring)
MPRegen  0.11/turn              (no ring)

@: no status effects
A: high mp 1
a: no special abilities


You were on level 2 of the Dungeon.
You were not hungry.

You visited 1 branch of the dungeon, and saw 2 of its levels.

You collected 57 gold pieces.

Inventory:

Armour
 a - a +0 robe (worn)
 l - a +0 helmet (worn)
Jewellery
 d - an uncursed ring of positive energy {unknown}
Scrolls
 e - a scroll of fear {unknown}
 g - 3 scrolls of identify {unknown}
 h - a scroll of blinking {unknown}
 i - 2 scrolls of magic mapping {unknown}
 j - a scroll of teleportation {unknown}
 k - a scroll of immolation {unknown}
 m - a scroll of remove curse {unknown}
Potions
 b - a potion of stabbing {unknown}
 f - a potion of heal wounds {unknown}
 o - a potion of haste {unknown}
 p - a potion of magic {unknown}
Comestibles
 c - 5 rations
 n - a chunk of flesh


   Skills:
 - Level 1.7 Dodging
 - Level 1.7 Stealth
 + Level 2.4 Spellcasting
 * Level 4.6 Ice Magic


You had 5 spell levels left.
You knew the following spells:

 Your Spells              Type           Power        Failure   Level  Hunger
a - Freeze                Ice            ###.         1%          1    None

Your spell library contained the following spells:

 Spells                   Type           Power        Failure   Level  Hunger
 Frozen Ramparts          Ice            ###...       6%          3    ###....
 Ozocubu's Armour         Chrm/Ice       ##......     16%         3    ###....
 Hailstorm                Conj/Ice       ##......     47%         4    ####...
 Summon Ice Beast         Ice/Summ       ##......     47%         4    ####...


Dungeon Overview and Level Annotations

Branches:
Dungeon (2/15)


Innate Abilities, Weirdness & Mutations

You have an increased reservoir of magic. (+10% MP)


Message History

No previous command to re-do.
No previous command to re-do.
No previous command to re-do.
No previous command to re-do.
No previous command to re-do.
No previous command to re-do.
No previous command to re-do.
No previous command to re-do.
You barely miss the adder.
The adder is severely wounded.
The adder bites you but does no damage. The adder bites you.
* * * LOW HITPOINT WARNING * * *
You hit the adder but do no damage.
The adder is severely wounded.
The adder bites you.
* * * LOW HITPOINT WARNING * * *
You miss the adder.
The adder is severely wounded.
The adder bites you.
You die...

#......# #......#
#### #...$..#
..###......#
#.#........#
#.#.#......#
#..(#...^..#
#####..##########
#.@S...###......#
##.#.####.......#
#........(.#.####
#..............#
......##########.#
..##.. #.#### .
#.. #....# ..
####.## ##. #..#


You could see an adder.

Vanquished Creatures
  A gnoll (D:1)
  2 adders (D:2)
  A worm (D:2)
  2 leopard geckos (D:1)
  4 bats
  5 giant cockroaches
  3 goblins (D:1)
  4 hobgoblins (D:1)
  A frilled lizard (D:1)
  3 kobolds (D:1)
  3 rats
29 creatures vanquished.

Notes
Turn   | Place    | Note
-------+----------+-------------------------------------------
     0 | D:1      | Johnny the Demigod Ice Elementalist began the quest for the
                  | Orb.
     0 | D:1      | Reached XP level 1. HP: 14/14 MP: 5/5
   559 | D:1      | Reached XP level 2. HP: 17/20 MP: 7/7
   635 | D:1      | Reached skill level 4 in Ice Magic
  1680 | D:1      | Reached XP level 3. HP: 24/26 MP: 9/9
  2221 | D:2      | Slain by an adder

Illustrated notes

Levels and vault maps discovered:
D:1:      lightli_arrival_statue_moat, layout_loops_ring,
          serial_co_window_serial, co_window_corner_a, co_window_corner_a,
          co_window_of_opportunity_a, co_window_cross_1, co_window_paths_a,
          co_window_unsneaky_path_e, co_window_broadway_c,
          co_window_of_opportunity_c, co_window_corner_ca, co_window_corner_b,
          co_window_paths_c, co_window_paths_c, co_window_4corner_b,
          co_window_4corner_a, glass_columns_b, glass_columns_a,
          glass_columns_a, minmay_close_crescents
D:2:      layout_rooms, vehumet_crystals, first_ration,
          chequers_ecumenical_altar_simple_redux

Skill      XL: |  1  2 |
---------------+-------+-----
Spellcasting   | 2 |  2.4
Ice Magic      | 4 |  4.6
Dodging        | |  1.7
Stealth        | |  1.7

Action                   || total
-------------------------++-------
Melee: Unarmed           ||    83
 Cast: Freeze            ||    46
 Stab: Sleeping          ||     3
  Eat: Chunk             ||     4
Armor: Robe              ||    35
Dodge: Dodged            ||    98
